 Dungeon Crawl Stone Soup version 0.24.0-125-gc4c63601f3 (webtiles) character file.

Game seed: 11432738077391568350, levelgen mode: deterministic

20886 Mrkan the Cleaver (level 12, 0/112 HPs)
             Began as a Minotaur Fighter on Feb 24, 2020.
             Was an Elder of Wu Jian.
             Slain by a killer bee (2 damage)
             ... on level 4 of the Lair of Beasts.
             The game lasted 00:25:14 (11318 turns).

Mrkan the Cleaver (Minotaur Fighter)               Turns: 11318, Time: 00:25:14

Health: 0/112      AC: 18    Str: 23    XL:     12   Next: 49%
Magic:  11/11      EV:  8    Int:  5    God:    Wu Jian [****..]
Gold:   902        SH: 14    Dex: 13    Spells: 11/11 levels left

rFire    + . .     SeeInvis .   b - +3 hand axe (elec)
rCold    . . .     Gourm    .   c - +1 shield
rNeg     . . .     Faith    .   K - +0 plate armour
rPois    +         Spirit   .   (helmet restricted)
rElec    .         Reflect  .   u - +0 cloak
rCorr    .         Harm     .   (no gloves)
MR       +....                  O - +0 pair of boots "Azeprunk" {Slay+3}
Stlth    ..........             j - amulet of rage
HPRegen  0.28/turn              v - ring of protection from magic
MPRegen  0.12/turn              i - ring of Midwinter {rPois rF+}

@: no status effects
A: retaliatory headbutt, horns 2
a: Wall Jump, Serpent's Lash, Renounce Religion, Evoke Berserk Rage


You were on level 4 of the Lair of Beasts.
You worshipped Wu Jian.
Wu Jian was greatly pleased with you.
You were not hungry.

You visited 2 branches of the dungeon, and saw 14 of its levels.
You also visited: Ossuary and Gauntlet.

You collected 1002 gold pieces.
You spent 100 gold pieces at shops.

Inventory:

Hand Weapons
 b - a +3 hand axe of electrocution (weapon)
 m - the cursed +1 war axe of Uheqol {vamp, rN+ Int+2 Dex-2}
   (You took it off a minotaur in a Gauntlet)

   It inflicts no extra harm, but heals its wielder when it wounds a living foe.
   It affects your intelligence (+2).
   It affects your dexterity (-2).
   It protects you from negative energy.
   It has a curse placed upon it.
 A - a +1 flail of protection
Missiles
 l - 8 curare-tipped darts (quivered)
Armour
 c - a +1 shield (worn)
 u - a +0 cloak (worn)
 K - a +0 plate armour (worn)
 O - the +0 pair of boots "Azeprunk" (worn) {Slay+3}
   (You found it in a Gauntlet)

   It affects your accuracy and damage with ranged weapons and melee attacks
   (+3).
Jewellery
 i - the ring of Midwinter (right hand) {rPois rF+}
   (You took it off a minotaur in a Gauntlet)

   [ring of protection from fire]

   It protects you from fire.
   It protects you from poison.
 j - an amulet of rage (around neck)
 v - a ring of protection from magic (left hand)
 w - an uncursed ring of protection from magic
 J - an uncursed ring of protection from cold {unknown}
 N - the amulet "Helor" {Harm *Drain rF+ Str-5 Int+4}
   (You found it in a Gauntlet)

   [amulet of harm]

   It increases damage dealt and taken.
   It affects your strength (-5).
   It affects your intelligence (+4).
   It protects you from fire.
   It causes draining when unequipped.
Wands
 d - a wand of random effects (19)
 o - a wand of flame (18)
 G - a wand of polymorph (13)
Scrolls
 a - 2 scrolls of immolation
 e - 3 scrolls of enchant weapon
 g - 3 scrolls of fog
 n - 9 scrolls of remove curse
 r - 5 scrolls of teleportation
 y - 3 scrolls of fear
 z - a scroll of blinking
 B - 2 scrolls of amnesia
 I - 2 scrolls of identify
 L - a scroll of magic mapping
 P - a scroll of enchant armour
Potions
 h - 5 potions of ambrosia
 k - a potion of resistance
 p - 8 potions of curing
 q - 6 potions of flight
 s - 3 potions of brilliance
 t - 2 potions of lignification
 x - 2 potions of cancellation
 D - 2 potions of mutation
 E - a potion of degeneration
 F - a potion of agility
 H - 3 potions of magic
 M - a potion of haste {unknown}
Comestibles
 f - 23 rations
 C - 4 chunks of flesh


   Skills:
 + Level 12.1 Fighting
 - Level 14.0 Axes
 + Level 12.0 Armour
 + Level 2.3 Dodging
 * Level 12.3 Shields


You had 11 spell levels left.
You didn't know any spells.
Your spell library contained the following spells:

 Spells                   Type           Power        Failure   Level  Hunger
 Animate Skeleton         Necr           N/A          100%        1    ##.....
 Apportation              Tloc           #.....       100%        1    ##.....
 Confusing Touch          Hex            #.....       100%        1    ##.....
 Corona                   Hex            #......      100%        1    ##.....
 Infusion                 Chrm           #...         100%        1    ##.....
 Pain                     Necr           #...         100%        1    ##.....
 Summon Small Mammal      Summ           #...         100%        1    ##.....
 Blink                    Tloc           N/A          100%        2    ###....
 Shroud of Golubria       Chrm/Tloc      #.....       100%        2    ###....
 Slow                     Hex            #.......     100%        2    ###....
 Song of Slaying          Chrm           #.......     100%        2    ###....
 Gell's Gravitas          Tloc           #.........   100%        3    ####...
 Inner Flame              Hex/Fire       #.......     100%        3    ####...
 Lesser Beckoning         Tloc           #.........   100%        3    ####...
 Ozocubu's Armour         Chrm/Ice       #.......     100%        3    ####...
 Portal Projectile        Hex/Tloc       #.....       100%        3    ####...
 Recall                   Summ/Tloc      N/A          100%        3    ####...
 Regeneration             Chrm/Necr      #.........   100%        3    ####...
 Spectral Weapon          Hex/Chrm       #.......     100%        3    ####...
 Teleport Other           Tloc           #.......     100%        3    ####...
 Vampiric Draining        Necr           #.........   100%        3    ####...
 Cause Fear               Hex            #.........   100%        4    #####..
 Force Lance              Conj/Tloc      #.......     100%        4    #####..
 Leda's Liquefaction      Hex/Erth       #.........   100%        4    #####..
 Passage of Golubria      Tloc           N/A          100%        4    #####..
 Aura of Abjuration       Summ           #.........   100%        5    ######.
 Excruciating Wounds      Chrm/Necr      #.........   100%        5    ######.
 Summon Demon             Summ           #.........   100%        5    ######.
 Summon Forest            Summ/Tloc      #.........   100%        5    ######.
 Summon Mana Viper        Hex/Summ       #.......     100%        5    ######.
 Dispersal                Tloc           #.........   100%        6    #######
 Shadow Creatures         Summ           N/A          100%        6    #######
 Controlled Blink         Tloc           N/A          100%        8    #######
 Disjunction              Tloc           #.........   100%        8    #######


Dungeon Overview and Level Annotations

Branches:
Dungeon (10/15)            Temple (0/1) D:6            Lair (4/6) D:10
  Swamp (0/4) Lair:4        Snake (0/4) Lair:3      Ossuary (visited)
Gauntlet (visited)
    Orc: D:9-12

Altars:
Cheibriados
Dithmenos
Hepliaklqana
Nemelex Xobeh
Qazlal
Ru
Sif Muna
Trog
Uskayaw
Vehumet
Wu Jian
Xom
Zin

Shops:
D:4 *   D:6 !

Annotations:
Lair:3 exclusion: oklob plant


Innate Abilities, Weirdness & Mutations

You reflexively headbutt those who attack you in melee.
You have a pair of horns on your head.


Message History

The Council accepts your kill.
You hit the killer bee.
Lightning courses through the killer bee!
You kill the killer bee!
The Council accepts your kill.
The meliai calls down the wrath of its god upon you.
Something smites you!
* * * LOW HITPOINT WARNING * * *
The killer bee barely misses you.
A killer bee comes into view.
You barely miss the killer bee. You hit the killer bee.
The killer bee stings you but does no damage. x2
The meliai mumbles some strange prayers to its god against you.
Something smites you!
* * * LOW HITPOINT WARNING * * *
The meliai calls down the wrath of its god upon you.
Something smites you!
* * * LOW HITPOINT WARNING * * *
You closely miss the killer bee. x2; The killer bee stings you.
You die...

#...## ###..# . ##รท##
.% #####..# ..y
#.#....####.# .y
#...........#
#y####...........#
####.yy#...........#.#
...>yyy@............#
###.#y###...........#
# #..........#.#
##..###.##.### #### ##
##


You could see a queen bee, 2 meliai and 6 killer bees.

Vanquished Creatures
  A minotaur (Gauntlet)
  A hydra (Lair:1)
  Harold (D:7)
  A centaur warrior (D:9)
  2 two-headed ogres
  The ghost of Tartanist the Cleaver, a novice FoAK of Lugonu (D:8)
  A wizard (Gauntlet)
  An orange crystal statue (Gauntlet)
  2 black mambas
  Joseph (D:7)
  6 spiny frogs
  3 komodo dragons
  A yaktaur (D:9)
  A troll (D:7)
  A meliai (Lair:4)
  4 blink frogs (Lair:4)
  5 hippogriffs
  2 bog bodies (Lair:4)
  10 dream sheep (Lair:3)
  Sigmund (D:6)
  A ynoxinul (Gauntlet)
  2 wyverns (D:8)
  Eustachio (D:5)
  5 yaks (Lair:3)
  2 basilisks
  2 hungry ghosts
  Edmund (D:5)
  6 water moccasins
  A porcupine (Lair:4)
  4 ice beasts
  A phantom (D:10)
  3 black bears
  5 ogres
  A centaur (D:6)
  4 crocodiles
  An elf zombie (D:5)
  4 bullfrogs
  An elf skeleton (D:5)
  A wyvern skeleton (D:9)
  A wyvern zombie (D:9)
  2 scorpions
  16 killer bees
  4 crimson imps
  2 howler monkeys
  A bullfrog zombie (D:5)
  A quasit (D:9)
  A human zombie (Ossuary)
  A jelly (D:6)
  6 hounds
  Crazy Yiuf (D:3)
  2 iron imps (Gauntlet)
  3 centaur skeletons
  2 human skeletons (D:5)
  Natasha (thrice) (D:3)
  5 orc wizards
  5 worker ants
  A big kobold zombie (Ossuary)
  6 hound zombies
  4 mummies (Ossuary)
  2 worker ant zombies
  2 howler monkey skeletons
  9 adders
  3 shadow imps
  An ooze (D:2)
  2 adder zombies (Ossuary)
  An adder skeleton (D:8)
  4 worms
  2 dart slugs
  4 leopard geckos
  23 orcs
  3 ball pythons
  10 bats
  5 giant cockroaches
  2 gnoll zombies (Ossuary)
  3 goblins
  10 hobgoblins
  2 jackals (D:4)
  4 kobolds
  9 quokkas
  A frilled lizard (D:2)
  A jackal zombie (Ossuary)
  2 orc skeletons (D:5)
  4 rats
  A rat zombie (Ossuary)
  2 plants (Lair:3)
271 creatures vanquished.

Vanquished Creatures (others)
  A wizard (D:4)
  3 fungi
  2 plants (Gauntlet)
6 creatures vanquished.

Grand Total: 277 creatures vanquished

Notes
Turn   | Place    | Note
-------+----------+-------------------------------------------
     0 | D:1      | Mrkan the Minotaur Fighter began the quest for the Orb.
     0 | D:1      | Reached XP level 1. HP: 19/19 MP: 0/0
   183 | D:1      | Reached XP level 2. HP: 23/27 MP: 1/1
   303 | D:1      | Reached skill level 3 in Axes
   598 | D:2      | Reached XP level 3. HP: 31/33 MP: 2/2
  1130 | D:2      | Found a hide-covered altar of Uskayaw.
  1260 | D:2      | Found a shimmering blue altar of Sif Muna.
  1474 | D:3      | Noticed Natasha
  1479 | D:3      | Killed Natasha
  1479 | D:3      | Reached XP level 4. HP: 40/40 MP: 3/3
  1480 | D:3      | Reached skill level 4 in Axes
  1492 | D:3      | Noticed Natasha
  1501 | D:3      | Killed Natasha
  1502 | D:3      | Noticed Natasha
  1511 | D:3      | Killed Natasha
  1511 | D:3      | Reached XP level 5. HP: 15/47 MP: 4/4
  1777 | D:3      | Found a radiant altar of Vehumet.
  1916 | D:3      | Found an ornate altar of the Wu Jian Council.
  1945 | D:3      | Found a snail-covered altar of Cheibriados.
  2029 | D:3      | Became a worshipper of the Wu Jian Council
  2075 | D:3      | Found a sparkling altar of Nemelex Xobeh.
  2201 | D:3      | Found a runed translucent door.
  2202 | D:3      | Noticed Crazy Yiuf
  2208 | D:3      | Killed Crazy Yiuf
  2326 | D:4      | Found Soikhih's General Store.
  2333 | D:4      | Reached skill level 5 in Axes
  2596 | D:4      | Bought a scroll of identify for 20 gold pieces
  2741 | D:4      | Noticed an ogre
  2746 | D:4      | Killed an ogre
  2746 | D:4      | Reached skill level 5 in Fighting
  2746 | D:4      | Reached skill level 5 in Armour
  2746 | D:4      | Reached skill level 5 in Shields
  2746 | D:4      | Reached XP level 6. HP: 56/56 MP: 5/5
  2946 | D:4      | Found a sparkling altar of Nemelex Xobeh.
  3021 | D:4      | Reached skill level 6 in Axes
  3271 | D:4      | Reached XP level 7. HP: 56/61 MP: 6/6
  3404 | D:4      | Reached * piety under Wu Jian
  3420 | D:4      | Found a hazy altar of Hepliaklqana.
  3457 | D:4      | Found a bloodstained altar of Trog.
  3459 | D:4      | Noticed a wizard
  3465 | D:4      | Killed a wizard
  3627 | D:5      | Entered Level 5 of the Dungeon
  3814 | D:5      | Reached skill level 7 in Axes
  3937 | D:5      | Noticed Edmund
  3948 | D:5      | Killed Edmund
  4019 | D:5      | Noticed Eustachio
  4032 | D:5      | Killed Eustachio
  4032 | D:5      | Reached XP level 8. HP: 68/70 MP: 7/7
  4065 | D:5      | Reached skill level 8 in Axes
  4096 | D:5      | Found a sand-covered staircase.
  4105 | Ossuary  | Entered an ossuary
  4242 | Ossuary  | Reached ** piety under Wu Jian
  4583 | D:6      | Found Ifukyxo's Distillery.
  4589 | D:6      | Bought a potion of curing for 30 gold pieces
  4589 | D:6      | Bought a potion of heal wounds for 50 gold pieces
  4599 | D:6      | Found a staircase to the Ecumenical Temple.
  4605 | D:6      | Noticed Sigmund
  4614 | D:6      | Killed Sigmund
  4614 | D:6      | Reached skill level 9 in Axes
  4855 | D:6      | Reached XP level 9. HP: 74/79 MP: 8/8
  4940 | D:6      | Found a glowing silver altar of Zin.
  5201 | D:7      | Found a shadowy altar of Dithmenos.
  5211 | D:7      | Noticed Joseph
  5224 | D:7      | Killed Joseph
  5224 | D:7      | Reached skill level 10 in Axes
  5330 | D:7      | Noticed Harold
  5351 | D:7      | Killed Harold
  5371 | D:7      | Noticed a troll
  5386 | D:7      | Killed a troll
  5386 | D:7      | Reached skill level 11 in Axes
  5403 | D:7      | Reached XP level 10. HP: 69/90 MP: 9/9
  5854 | D:8      | Reached *** piety under Wu Jian
  5873 | D:8      | Identified Sif Muna's Incunabulum of Ghastly Ice
  5947 | D:8      | Found a sacrificial altar of Ru.
  6114 | D:8      | Found a runed translucent door.
  6119 | D:8      | Noticed Tartanist's ghost (novice FoAK)
  6137 | D:8      | Killed Tartanist's ghost
  6208 | D:8      | Noticed a two-headed ogre
  6215 | D:8      | Killed a two-headed ogre
  6215 | D:8      | Reached skill level 12 in Axes
  6744 | D:9      | Found a shimmering altar of Xom.
  6797 | D:9      | Found a stormy altar of Qazlal.
  6797 | D:9      | Found a bloodstained altar of Trog.
  6828 | D:9      | Noticed a centaur warrior
  6828 | D:9      | Noticed a two-headed ogre
  6836 | D:9      | Killed a two-headed ogre
  6843 | D:9      | Reached XP level 11. HP: 79/99 MP: 10/10
  6854 | D:9      | Killed a centaur warrior
  6949 | D:9      | Reached skill level 10 in Fighting
  6949 | D:9      | Reached skill level 13 in Axes
  6949 | D:9      | Reached skill level 10 in Shields
  7164 | D:10     | Entered Level 10 of the Dungeon
  7176 | D:10     | Found a staircase to the Lair.
  7183 | D:10     | Reached skill level 10 in Armour
  7211 | Lair:1   | Entered Level 1 of the Lair of Beasts
  7280 | Lair:1   | Noticed an eight-headed hydra
  7296 | Lair:1   | Killed an eight-headed hydra
  9199 | Lair:3   | Found a gate leading to a gauntlet.
  9265 | Gauntlet | Entered a Gauntlet
  9265 | Gauntlet | Found a transporter.
  9265 | Gauntlet | Found a transporter.
  9269 | Gauntlet | Found a transporter.
  9269 | Gauntlet | Found a transporter.
  9280 | Gauntlet | Found a transporter.
  9286 | Gauntlet | Noticed a catoblepas
  9287 | Gauntlet | Found a transporter.
  9295 | Gauntlet | Noticed a fire crab
  9296 | Gauntlet | Found a transporter.
  9296 | Gauntlet | Noticed a death ooze
  9298 | Gauntlet | Found a transporter.
  9298 | Gauntlet | Found a transporter.
  9298 | Gauntlet | Noticed an orange crystal statue
  9302 | Gauntlet | Found a transporter.
  9336 | Gauntlet | Found a transporter.
  9354 | Gauntlet | Found a transporter.
  9358 | Gauntlet | Noticed a wizard
  9394 | Gauntlet | Found a transporter.
  9408 | Gauntlet | Found a transporter.
  9509 | Gauntlet | Found a transporter.
  9511 | Gauntlet | Found a large runed translucent door.
  9511 | Gauntlet | Found a large runed translucent door.
  9512 | Gauntlet | Found a large runed translucent door.
  9512 | Gauntlet | Found a large runed translucent door.
  9513 | Gauntlet | Found a runed translucent door.
  9513 | Gauntlet | Found a large runed translucent door.
  9513 | Gauntlet | Found a large runed translucent door.
  9513 | Gauntlet | Found a runed translucent door.
  9513 | Gauntlet | Found a large runed translucent door.
  9513 | Gauntlet | Found a large runed translucent door.
  9514 | Gauntlet | Found a large runed translucent door.
  9514 | Gauntlet | Found a large runed translucent door.
  9517 | Gauntlet | Found a large runed translucent door.
  9517 | Gauntlet | Found a large runed translucent door.
  9519 | Gauntlet | Found a large runed translucent door.
  9519 | Gauntlet | Found a large runed translucent door.
  9519 | Gauntlet | Found a large runed translucent door.
  9521 | Gauntlet | Found a runed translucent gate.
  9521 | Gauntlet | Found a runed translucent gate.
  9521 | Gauntlet | Found a runed translucent gate.
  9522 | Gauntlet | Noticed a death scarab
  9523 | Gauntlet | Found a transporter.
  9534 | Gauntlet | Found a large runed translucent door.
  9696 | Gauntlet | Reached skill level 14 in Axes
  9708 | Gauntlet | Reached **** piety under Wu Jian
  9840 | Gauntlet | Killed a wizard
  9847 | Gauntlet | Got a crude ruby amulet
  9930 | Gauntlet | Killed an orange crystal statue
  9935 | Gauntlet | Got a pair of dazzling boots
  9947 | Gauntlet | Identified the +0 pair of boots "Azeprunk" {Slay+3} (You
                  | found it in a Gauntlet)
  9958 | Gauntlet | Identified the amulet "Helor" {Harm *Drain rF+ Str-5 Int+4}
                  | (You found it in a Gauntlet)
  9977 | Gauntlet | Identified the cursed +1 war axe of Uheqol {vamp, rN+ Int+2
                  | Dex-2}
  9977 | Gauntlet | Identified the ring of Midwinter {rPois rF+}
  9977 | Gauntlet | Noticed a minotaur
 10006 | Gauntlet | Killed a minotaur
 10425 | Lair:3   | Found a staircase to the Snake Pit.
 10433 | Lair:3   | Reached XP level 12. HP: 108/110 MP: 11/11
 10529 | Lair:3   | Found a sparkling altar of Nemelex Xobeh.
 11038 | Lair:4   | Reached skill level 1 in Dodging
 11236 | Lair:4   | Found a staircase to the Swamp.
 11317 | Lair:4   | HP: 2/112 [meliai/divine providence (11)]
 11318 | Lair:4   | Slain by a killer bee

Levels and vault maps discovered:
D:1:      dpeg_arrival_snail, layout_rooms, grunt_decor_clamped
D:2:      layout_loops_ring, lemuel_coloured_pillars_altar, old_standard_altar
D:3:      layout_rooms, cheibriados_altar_1, nicolae_overflow_crystal_walls,
          lemuel_doored_altar, first_ration, nemelex_spade_bored_becter,
          uniq_natasha, uniq_crazy_yiuf_cottage
D:4:      layout_basic, marbit_many_paths, lemuel_round_altar, serial_shops,
          shop_coins, trog_wizard
D:5:      layout_gridville, nicolae_ossuary_entry_catacombs, minivault_27,
          uniq_eustachio, uniq_edmund
D:6:      layout_rooms, zin_statuary, minmay_temple_entry_drinking_statues,
          serial_shops, nicolae_shop_waterfront, uniq_sigmund
D:7:      layout_cave_pools, nicolae_dithmenos_the_darkroom,
          grunt_decor_fettered, uniq_joseph, uniq_harold
D:8:      layout_rooms, kennysheep_little_box, ebering_ghost_reflecting_pool
D:9:      minmay_the_grid_octo_triangle [minmay_the_grid_octo_empty,
          minmay_the_grid_octo_prize_big_c,
          minmay_the_grid_octo_tetromino_candy], layout_grid_maze,
          lemuel_crystal_altar, gammafunk_temple_overflow_wave
D:10:     layout_basic, lair_entry_dummy, david_orc_5, enter_bailey_8,
          kennysheep_nondescript, uniq_snorg, uniq_josephine
Lair:1:   layout_misc_corridors
Lair:2:   layout_regular_city
Lair:3:   layout_roguey, minmay_snake_entry_six_corridors,
          gauntlet_entry_generic, lemuel_oklob_altar, lemuel_fruit_tree
Lair:4:   layout_roguey, skrybe_swamp_entry_bodies, special_room
          [special_room_bee]

Skill      XL: |  1  2  3  4  5  6  7  8  9 10 11 12 |
---------------+-------------------------------------+-----
Axes           | 3 4 5 6 7 9 11 12 14 | 14.0
Armour         | 4 5 6 7 8 9 11 12 | 12.0
Shields        | 4 5 6 7 8 9 11 12 | 12.3
Fighting       | 4 5 6 7 8 9 11 12 | 12.1
Dodging        | 2 |  2.3

Action                   |  1- 3 |  4- 6 |  7- 9 | 10-12 || total
-------------------------+-------+-------+-------+-------++-------
Melee: War axe           |    82 |    81 |       |       ||   163
       Headbutt          |    17 |    23 |    44 |   111 ||   195
       Hand axe          |       |    51 |   270 |   338 ||   659
       Flail             |       |       |       |   143 ||   143
Invok: Lunge             |       |     3 |    16 |    17 ||    36
       Whirlwind         |       |       |    34 |    33 ||    67
       Serpent's Lash    |       |       |       |     1 ||     1
  Use: Scroll            |       |       |    17 |     8 ||    25
       Potion            |       |       |       |     4 ||     4
  Eat: Chunk             |     2 |     5 |     5 |    14 ||    26
       Ration            |       |       |     1 |     2 ||     3
Armor: Scale mail        |    48 |    28 |       |       ||    76
       Chain mail        |       |    37 |    93 |    40 ||   170
       Plate armour      |       |       |       |   190 ||   190
Dodge: Dodged            |    26 |    38 |    47 |    75 ||   186
Block: Shield            |    42 |    68 |   111 |   252 ||   473
